 Seeded DCSS version 0.29-a0-398-ge13fd1374b (webtiles) character file.

Game seed: 3894680699799314024 (custom seed)

499 zeratav the Digger (level 7, -5/41 HPs)
             Began as an Octopode Earth Elementalist on May 12, 2022.
             Slain by an ice beast (13 damage)
             ... on level 4 of the Dungeon.
             The game lasted 00:06:08 (4685 turns).

zeratav the Digger (Octopode Earth Elementalist)    Turns: 4685, Time: 00:06:08

Health: -5/41      AC:  5    Str: 14    XL:     7   Next: 16%
Magic:  13/13      EV: 13    Int: 19    God:
Gold:   198        SH:  0    Dex: 12    Spells: 10/14 levels left

rFire   . . .      SeeInvis .   d - +1 whip (flame) {mace}
rCold   . . .      Faith    .   (no shield)
rNeg    . . .      Spirit   .   (helmet restricted)
rPois   .          Reflect  .   (no amulet)
rElec   .          Harm     .   g - +4 ring of protection
rCorr   .          Rampage  .   i - +6 ring of strength
Will    .....                   (no ring)
Stlth   +++.......              (no ring)
HPRegen 0.13/turn               (no ring)
MPRegen 0.13/turn               (no ring)
                                (no ring)
                                (no ring)

@: no status effects
A: almost no armour, amphibious, 8 rings, camouflage 1, gelatinous body 1,
(nimble swimmer 1), tentacles
a: no special abilities


You were on level 4 of the Dungeon.
You visited 1 branch of the dungeon, and saw 4 of its levels.

You collected 198 gold pieces.


Innate Abilities, Weirdness & Mutations

You cannot wear most types of armour.
You are amphibious.
You can wear up to eight rings at the same time.
Your skin changes colour to match your surroundings (Stealth+).
Your rubbery body absorbs attacks. (AC +1, EV +1)
((You are camouflaged when in or above water. (Stealth+)))
You have tentacles for arms and can constrict up to eight enemies at once.


   Skills:
 - Level 2.0 Dodging
 - Level 2.6 Stealth
 + Level 4.2 Spellcasting
 - Level 1.0 Transmutations
 * Level 6.7 Earth Magic


You had 10 spell levels left.
You knew the following spells:

 Your Spells              Type           Power      Damage    Failure   Level
a - Sandblast             Erth           58%        2d13      1%          1
b - Stone Arrow           Conj/Erth      32%        3d9       10%         3

Your spell library contained the following spells:

 Spells                   Type           Power      Damage    Failure   Level
 Passwall                 Tmut/Erth      15%        N/A       4%          2
 Freeze                   Ice            16%        1d4       14%         1
 Petrify                  Tmut/Erth      18%        N/A       26%         4
 Frozen Ramparts          Ice            8%         1d2       38%         3
 Hailstorm                Conj/Ice       4%         3d4       80%         4

Inventory:

Hand Weapons
 d - a +1 whip of flaming (weapon) {mace}
   (You took it off an orc on level 4 of the Dungeon)
Missiles
 a - 104 stones {throwing}
Jewellery
 g - a +4 ring of protection (left tentacle)
   (You found it on level 1 of the Dungeon)
 i - a +6 ring of strength (right tentacle)
   (You found it on level 2 of the Dungeon)
Scrolls
 c - a scroll of summoning
 f - a scroll of amnesia
 j - a scroll of enchant armour
 l - 2 scrolls of noise {!r}
 m - a scroll of vulnerability {!r!r}
 n - a scroll of fear
 r - a scroll of magic mapping {!r}
Potions
 b - a potion of magic
 e - a potion of haste {@q3}
 h - a potion of berserk rage {unknown}
 k - a potion of ambrosia {unknown}
 o - a potion of flight {unknown}
 p - a potion of degeneration {unknown}
 q - a potion of curing {unknown}

Dungeon Overview and Level Annotations

Branches:
Dungeon (4/15)
 Temple: D:4-7

Altars:

#.### ...... ##....
......# ###....# #.#
....... ......# #.#
......# #....# #.#
......# #.#.### #.#
......# #.....# #.#
......#
####.....##########.#
......#
#.....@....†....>##.#
......#
#.##.SY..#######.##.###
..###.####
#.....#######.##....
.....)....
......##..............
.#######.##.##.#.#
.##.....###### .#
#......##.#.##......###
## .# #.#.#
#!#...<.#...# #####. .#
#.#.# #.#.........
....... .# #...#
##....)..#..# ######.


You could see an ice beast and an adder.


Message History

You now have 182 gold pieces (gained 5).
You start resting.
HP[+4]
Your hp is fully restored (36).
A dart slug comes into view.
The helpless dart slug fails to defend itself.
You thump the dart slug!
You kill the dart slug!
Found a book of Frost.
Found a stone staircase leading down.
Found a stone staircase leading up.
There is a stone staircase leading down here.
You pick up a book of Frost and begin reading...
You add the spells Freeze, Frozen Ramparts and Hailstorm to your library.
There is a stone staircase leading up here.
An ogre comes into view. It is wielding a +0 giant club.
The ogre shouts!
An orc comes into view. It is wielding a +1 whip of flaming.
You see here 16 gold pieces.
The ogre barely misses you.
You sock the ogre! The ogre closely misses you.
You barely miss the ogre. The ogre hits you with a +0 giant club!
HP[-16]
You take 16 damage, and now have 20/36 hp.
MASSIVE DAMAGE!! (PAUSE)
You sock the ogre! You sock the ogre! The ogre hits you with a +0 giant club!
* * * LOW HITPOINT WARNING * * *
HP[-9]
You take 9 damage, and now have 11/36 hp.
MASSIVE DAMAGE!! (PAUSE)
You sock the ogre!
You kill the ogre!
The orc closely misses you.
You have reached level 7!
HP[+2] MP[+1]
You now have 41 max hp (+5).
You regained 2 hp, and now have 13/41 hp.
Your mp is fully restored (13).
You feel yourself speed up. The orc completely misses you.
You sock the orc!
You kill the orc!
d - a +1 whip of flaming {mace}
Things that are here:
a +0 giant club {mace}; an orc corpse; an ogre corpse HP[+1]
You now have 198 gold pieces (gained 16).
You start resting.
Your extra speed is starting to run out.
HP[+3]
You regained 3 hp, and now have 17/41 hp.
You start resting.
You feel yourself slow down.
HP[+1]
You start resting.
HP[+23]
Your hp is fully restored (41).
Your +1 whip of flaming {mace} bursts into flame!
d - a +1 whip of flaming (weapon)
{mace} You drop a +3 flail {mace}.
Found a stone staircase leading down.
Found a stone staircase leading down.
A quokka comes into view.
A quokka is nearby!
The quokka misses you.
You hit the quokka. You burn the quokka. You grab the quokka.
You constrict the quokka.
You kill the quokka!
You see here a quokka corpse.
The helpless adder fails to defend itself.
You hit the adder but do no damage. You grab the adder.
You constrict the adder. The adder closely misses you.
The ice beast hits you but does no damage.
The adder closely misses you.
You barely miss the adder. Your squeeze misses the adder.
You constrict the adder. The adder bites you but does no damage.
The ice beast hits you. The ice beast freezes you!
HP[-12]
You take 12 damage, and now have 29/41 hp.
MASSIVE DAMAGE!! (PAUSE)
You are too injured to fight recklessly!
You are too injured to fight recklessly!
You are too injured to fight recklessly!
You are too injured to fight recklessly!
You are too injured to fight recklessly!
You are too injured to fight recklessly!
You hit the ice beast but do no damage. You constrict the adder.
The adder closely misses you. The ice beast hits you.
The ice beast freezes you!
* * * LOW HITPOINT WARNING * * *
The adder bites you but does no damage.
HP[-16]
You take 16 damage, and now have 13/41 hp.
MASSIVE DAMAGE!! (PAUSE)
You closely miss the ice beast. You constrict the adder.
The ice beast barely misses you. The adder bites you.
* * * LOW HITPOINT WARNING * * *
The ice beast hits you.
* * * LOW HITPOINT WARNING * * *
The ice beast freezes you!
You die...

Skill      XL: |  1  2  3  4  5  6 |
---------------+-------------------+-----
Earth Magic    | 4 5 6 |  6.7
Spellcasting   | 3 4 |  4.2
Dodging        | |  2.0
Stealth        | |  2.6
Transmutations | |  1.0

Action                   |  1- 3 |  4- 6 |  7- 9 || total
-------------------------+-------+-------+-------++-------
Melee: Falchion          |    30 |       |       ||    30
       Tentacles         |     8 |    12 |       ||    20
       Constrict         |    12 |    13 |     2 ||    27
       Mace              |    21 |    39 |       ||    60
       Punch             |       |     1 |       ||     1
       Flail             |       |    35 |     1 ||    36
       Whip              |       |       |     5 ||     5
 Cast: Sandblast         |     9 |    35 |       ||    44
       Stone Arrow       |       |     2 |       ||     2
  Use: Scroll            |       |     8 |       ||     8
       Potion            |       |       |     1 ||     1
 Stab: Sleeping          |     5 |     7 |     1 ||    13
Armor: Skin              |    13 |    36 |     3 ||    52
Dodge: Dodged            |    40 |    53 |     6 ||    99

Levels and vault maps discovered:
D:1:      scummos_arrival_star, layout_rooms, ebering_ecumenical_altar_ruins
D:2:      layout_basic, serial_park_tiny_1, minmay_surrounded
D:3:      layout_loops_corners, serial_glass, glass_columns_b, glass_columns_a,
          glass_columns_a, glass_columns_a
D:4:      layout_loops_ring

Notes
Turn   | Place    | Note
-------+----------+-------------------------------------------
     0 | D:1      | zeratav the Octopode Earth Elementalist began the quest for
                  | the Orb.
     0 | D:1      | Reached XP level 1. HP: 11/11 MP: 3/3
     0 | D:1      | magus.rc [v1.9.6]
   290 | D:1      | Reached XP level 2. HP: 16/17 MP: 1/5
   427 | D:1      | Found a faded altar of an unknown god.
   770 | D:2      | Reached XP level 3. HP: 13/21 MP: 6/6
   993 | D:2      | Learned a level 3 spell: Stone Arrow
  1038 | D:2      | Reached skill level 4 in Earth Magic
  1222 | D:2      | Reached XP level 4. HP: 27/27 MP: 5/8
  1730 | D:3      | Reached skill level 3 in Spellcasting
  1803 | D:3      | Reached XP level 5. HP: 14/31 MP: 6/9
  1805 | D:3      | Reached skill level 5 in Earth Magic
  1805 | D:3      | HP: 5/31 [orc wizard/puff of flame (6)]
  2247 | D:3      | HP: 2/31 [orc wizard/puff of flame (7)]
  3063 | D:3      | Reached XP level 6. HP: 34/36 MP: 4/11
  3299 | D:3      | HP: 4/36 [orc priest/divine providence (9)]
  3618 | D:4      | Reached skill level 6 in Earth Magic
  3756 | D:4      | HP: 9/36 [poisoned by a scorpion]
  3999 | D:4      | Noticed an ice beast
  4032 | D:4      | Reached skill level 4 in Spellcasting
  4369 | D:4      | You pick up a book of Frost and begin reading...
  4369 | D:4      | You add the spells Freeze, Frozen Ramparts and Hailstorm to
                  | your library.
  4382 | D:4      | Reached XP level 7. HP: 13/41 MP: 13/13
  4685 | D:4      | HP: 9/41 [adder (4)]
  4685 | D:4      | Slain by an ice beast

Vanquished Creatures
  An ogre (D:4)
  A scorpion (D:4)
  2 orc priests (D:3)
  A hound (D:4)
  3 orc wizards
  3 adders
  8 gnolls
  A worm (D:3)
  3 dart slugs
  8 orcs
  9 ball pythons
  5 bats
  5 endoplasms
  A giant cockroach (D:1)
  5 goblins
  5 hobgoblins
  5 quokkas
  3 frilled lizards
  6 kobolds
  4 rats
79 creatures vanquished.

Table legend:
 A = Non-vault XP
 B = Vault XP
 C = Vault XP percentage of total XP
 D = Non-vault monster count
 E = Vault monster count
 F = Vault count percentage of total count
                 A         B        C        D         E       F
            +---------+---------+-------+---------+---------+-------
      Total |     703 |      11 |   1.5 |      74 |       5 |   6.3
            +---------+---------+-------+---------+---------+-------
        D:1 |      28 |       0 |   0.0 |      16 |       0 |   0.0
        D:2 |      97 |      11 |  10.2 |      14 |       5 |  26.3
        D:3 |     263 |       0 |   0.0 |      27 |       0 |   0.0
        D:4 |     315 |       0 |   0.0 |      17 |       0 |   0.0
            +---------+---------+-------+---------+---------+-------

Illustrated notes

Table legend:
 A = Kills in this place as a percentage of kills in entire the game.
 B = Kills by you in this place as a percentage of kills by you in the entire game.
 C = Kills by friends in this place as a percentage of kills by friends in the entire game.
 D = Other kills in this place as a percentage of other kills in the entire game.
 E = Experience gained in this place as a percentage of experience gained in the entire game.
 F = Experience gained in this place divided by the number of levels of this place that you have seen.
                   A       B       C       D       E      F
               +-------+-------+-------+-------+-------+----------------------
         Total | 100.0 | 100.0 |   N/A |   N/A | 100.0 | 178.5
       Dungeon | 100.0 | 100.0 |   N/A |   N/A | 100.0 | 178.5
               +-------+-------+-------+-------+-------+----------------------

Table legend: (Time is in decaauts)
 A = Elapsed time spent in this place.
 B = Non-inter-level travel time spent in this place.
 C = Inter-level travel time spent in this place.
 D = Time resting spent in this place.
 E = Time spent auto-exploring this place.
 F = Levels seen in this place.
 G = Mean time per level.
                   A        B        C        D        E       F      G
               +--------+--------+--------+--------+--------+-----+--------+
         Total |   4712 |   4655 |     57 |   1924 |   1811 |   4 | 1178.0 |
       Dungeon |   4712 |   4655 |     57 |   1924 |   1811 |   4 | 1178.0 |
               +--------+--------+--------+--------+--------+-----+--------+

Top non-repeatable levels by time:
     D:3: 1843 daAuts
     D:4: 1080 daAuts
     D:2: 1033 daAuts
     D:1: 755 daAuts
